 Dungeon Crawl Stone Soup version 0.17.0-28-g6e173f8 (webtiles) character file.

1931 4thArraOfDagon the Spear-Bearer (level 8, -3/74 HPs)
             Began as a Minotaur Berserker on Nov 26, 2015.
             Was a Believer of Trog.
             Slain by a giant frog zombie (5 damage)
             ... on level 12 of the Dungeon.
             The game lasted 00:06:00 (1104 turns).

4thArraOfDagon the Spear-Bearer (MiBe)              Turns: 1104, Time: 00:06:00

Health: -3/74      AC:  6    Str: 27    XL:     8   Next: 97%
Magic:  7/7        EV: 11    Int:  6    God:    Trog [**....]
Gold:   180        SH:  0    Dex: 10    Spells: 0 memorised, 7 levels left

rFire  . . .     SeeInvis .     a - +0 spear
rCold  . . .     Clarity  .     e - +0 ring mail
rNeg   . . .     SustAt   .     (no shield)
rPois  .         Gourm    .     (helmet restricted)
rElec  .         Spirit   .     (no cloak)
rCorr  .         Warding  .     (no gloves)
rMut   .         Stasis   .     (no boots)
MR     .....                    (no amulet)
Stlth  +.........               (no ring)
                                g - ring of stealth

@: mighty, exhausted, flying, very slightly contaminated, slowed, very slow, not
resistant to hostile enchantments, very unstealthy
A: retaliatory headbutt, horns 2
a: Berserk, Trog's Hand, Burn Spellbooks, Renounce Religion


You were on level 12 of the Dungeon.
You worshipped Trog.
Trog was pleased with you.
You were hungry.

You visited 1 branch of the dungeon, and saw 13 of its levels.

You collected 228 gold pieces.
You spent 48 gold pieces at shops.

Inventory:

Hand Weapons
 a - a +0 spear (weapon)
Armour
 e - a +0 ring mail (worn)
Jewellery
 g - a ring of stealth (left hand)
Scrolls
 i - 2 scrolls of enchant weapon
Potions
 h - a potion of haste
 j - a potion of might
 n - a potion of degeneration {unknown}
Miscellaneous
 l - a lantern of shadows
Comestibles
 b - 2 meat rations
 c - 3 bread rations
 d - 3 beef jerkies
 f - 3 chunks of flesh
 k - a royal jelly
 p - a slice of pizza


   Skills:
 + Level 7.9 Fighting
 * Level 10.4 Polearms
 + Level 7.3 Armour
 - Level 2.1 Dodging


You had 7 spell levels left.
You didn't know any spells.

Dungeon Overview and Level Annotations

Branches:
Dungeon (13/15)               Orc (0/4) D:10
 Temple: D:4-7         Lair: D:8-11      Vaults: D:13-14

Altars:
Dithmenos

Shops:
D:6 ?   D:8 %

Portals:
Trove: D:10 (give 5 scrolls of blinking)

Annotations:
D:9 exclusion: upstairs
D:13 Azrael


Innate Abilities, Weirdness & Mutations

You reflexively headbutt those who attack you in melee.
You have a pair of horns on your head.


Message History

You are feeling hungry.
You climb upwards.
You feel a wave of frost pass over you.
There is an entrance to an ice cave on this level.
Hurry and find it before the portal melts!
The giant frog zombie hits you but does no damage.
The giant frog zombie closely misses you.
You furiously retaliate!
You headbutt the giant frog zombie.
There is a stone staircase leading down, spattered with blood here.
Unknown command.
Unknown command.
Drink which item? (? for menu, Esc to quit)
It was a potion of flight.
You feel very buoyant.
You fly up into the air.
The giant frog zombie misses you. The hippogriff bites you.
* * * LOW HITPOINT WARNING * * *
The hippogriff barely misses you. The hippogriff claws you.
* * * LOW HITPOINT WARNING * * *
The giant frog zombie hits you.
You die...

.####.##..#..
.<........... ...#
T[....###### ..#
#####.# ..# #.# #.#..#
#.#######.##.#
#.#.......##.#
.####T#.......##Z#
......#......H##@#
......#......Z##H#
......#.......##.###.#
.......T.Y...........#
.....########.##.#####
.#### #........ .
#.##..... #.##.......
..##.......


You could see a hippogriff and a giant frog zombie.

Vanquished Creatures
  An ugly thing (D:12)
  A gargoyle (D:10)
  A trapdoor spider (D:11)
  2 hippogriffs
  An ice beast (D:12)
  A black bear (D:7)
  3 centaurs
  An ogre (D:12)
  A giant frog (D:9)
  2 crimson imps
  A jelly (D:9)
  An orc priest (D:7)
  3 iguanas
  A worker ant (D:8)
  A hound zombie (D:9)
  A shadow imp (D:8)
  An adder zombie (D:10)
  19 orcs
  A giant cockroach (D:3)
43 creatures vanquished.

Notes
Turn   | Place    | Note
--------------------------------------------------------------
     0 | D:1      | 4thArraOfDagon the Minotaur Berserker began the quest for the Orb.
     0 | D:1      | Reached XP level 1. HP: 19/19 MP: 0/0
   105 | D:3      | Reached XP level 2. HP: 27/27 MP: 1/1
   107 | D:3      | Reached skill level 4 in Polearms
   204 | D:5      | Entered Level 5 of the Dungeon
   204 | D:5      | Noticed a centaur
   204 | D:5      | Noticed a centaur
   209 | D:5      | Killed a centaur
   209 | D:5      | Reached skill level 5 in Polearms
   209 | D:5      | Reached XP level 3. HP: 34/34 MP: 2/2
   209 | D:5      | Reached XP level 4. HP: 40/41 MP: 3/3
   213 | D:5      | Killed a centaur
   213 | D:5      | Reached XP level 5. HP: 32/47 MP: 4/4
   242 | D:5      | Reached skill level 5 in Fighting
   242 | D:5      | Reached skill level 6 in Polearms
   314 | D:6      | Found Yhadesh's Magic Scroll Emporium.
   317 | D:6      | Bought a scroll of identify for 24 gold pieces
   317 | D:6      | Bought a scroll of identify for 24 gold pieces
   385 | D:7      | Noticed a black bear
   387 | D:7      | Found a shadowy altar of Dithmenos.
   392 | D:7      | Killed a black bear
   392 | D:7      | Reached XP level 6. HP: 56/56 MP: 5/5
   406 | D:7      | Reached ** piety under Trog
   491 | D:8      | Noticed a hippogriff
   500 | D:8      | Killed a hippogriff
   500 | D:8      | Reached skill level 7 in Polearms
   500 | D:8      | Reached skill level 5 in Armour
   500 | D:8      | Reached XP level 7. HP: 62/62 MP: 6/6
   576 | D:8      | Found Qouck's Food Emporium.
   783 | D:10     | Entered Level 10 of the Dungeon
   784 | D:10     | Noticed a gargoyle
   796 | D:10     | Killed a gargoyle
   796 | D:10     | Reached skill level 8 in Polearms
   830 | D:10     | Found a portal to a secret trove of treasure.
   845 | D:10     | Reached XP level 8. HP: 22/71 MP: 7/7
   886 | D:10     | Found a staircase to the Orcish Mines.
  1024 | D:11     | ofc
  1028 | D:11     | :)
  1033 | D:11     | Reached skill level 9 in Polearms
  1041 | D:12     | Noticed a troll
  1043 | D:12     | Noticed a purple ugly thing
  1092 | D:12     | Killed a red ugly thing
  1092 | D:12     | Reached skill level 10 in Polearms
  1101 | D:13     | Noticed Azrael
  1104 | D:12     | HP: 2/74 [hippogriff (3)]
  1104 | D:12     | Slain by a giant frog zombie

Action                   |  1- 3 |  4- 6 |  7- 9 || total
-------------------------+-------+-------+-------++-------
Melee: Spear             |    14 |    39 |    84 ||   137
Invok: Berserk           |     2 |     3 |     5 ||    10
       Trog's Hand       |       |       |     4 ||     4
  Use: Scroll            |     1 |     4 |     3 ||     8
       Potion            |       |       |     3 ||     3
 Stab: Sleeping          |       |       |     1 ||     1
  Eat: Chunk             |       |     3 |     8 ||    11
